 Dungeon Crawl Stone Soup version 0.23.2-1-ga50397a6bc (webtiles) character file.

Game seed: 8493634460603354372

683 Lysie the Basher (level 7, -8/58 HPs)
             Began as a Minotaur Abyssal Knight on Apr 18, 2019.
             Was a Priest of Lugonu.
             Mangled by a two-headed ogre
             ... wielding a +0 giant spiked club
              (20 damage)
             ... on level 5 of the Dungeon.
             The game lasted 00:19:40 (5518 turns).

Lysie the Basher (Minotaur Abyssal Knight)          Turns: 5518, Time: 00:19:40

Health: -8/58      AC:  3    Str: 18      XL:     7   Next: 35%
Magic:  16/16      EV: 11    Int:  9      God:    Lugonu [***...]
Gold:   81         SH:  0    Dex: 13 (14) Spells: 6/6 levels left

rFire    . . .     SeeInvis .   a - +2 mace
rCold    . . .     Gourm    .   (no shield)
rNeg     . . .     Faith    .   b - +0 leather armour
rPois    .         Spirit   .   (helmet restricted)
rElec    .         Reflect  .   (no cloak)
rCorr    .         Harm     .   (no gloves)
MR       .....                  (no boots)
Stlth    +.........             (no amulet)
HPRegen  0.19/turn              k - ring of magical power
MPRegen  0.15/turn              h - +4 ring of dexterity

@: no status effects
A: retaliatory headbutt, horns 2
a: Depart the Abyss, Bend Space, Banish, Renounce Religion


You were on level 5 of the Dungeon.
You worshipped Lugonu.
Lugonu was most pleased with you.
You were not hungry.

You visited 2 branches of the dungeon, and saw 6 of its levels.
You visited the Abyss 1 time.

You collected 213 gold pieces.
You spent 132 gold pieces at shops.

Inventory:

Hand Weapons
 a - a +2 mace (weapon)
Missiles
 q - a throwing net (quivered)
Armour
 b - a +0 leather armour (worn)
Jewellery
 h - a +4 ring of dexterity (right hand)
 k - a ring of magical power (left hand)
Wands
 o - a wand of enslavement (8)
 s - a wand of acid (8)
Scrolls
 e - a scroll of identify
 f - 3 scrolls of fog
 g - 5 scrolls of enchant weapon
 j - 2 scrolls of fear
 l - 2 scrolls of enchant armour {unknown}
 n - 2 scrolls of amnesia
 u - 2 scrolls of remove curse {unknown}
Potions
 d - 2 potions of flight
 m - a potion of might {unknown}
 p - a potion of degeneration {unknown}
 r - a potion of invisibility
 t - a potion of cancellation
Comestibles
 c - 9 rations


   Skills:
 - Level 3.7 Fighting
 + Level 9.9 Maces & Flails
 - Level 2.4 Armour
 - Level 1.1 Dodging
 - Level 1.7 Invocations


You had 6 spell levels left.
You didn't know any spells.
Your spell library contained the following spells:

 Spells                   Type           Power        Failure   Level  Hunger
 Animate Skeleton         Necr           N/A          43%         1    ##.....
 Pain                     Necr           #...         43%         1    ##.....
 Regeneration             Chrm/Necr      #.........   82%         3    ####...
 Vampiric Draining        Necr           #.........   82%         3    ####...
 Animate Dead             Necr           N/A          99%         4    #####..


Dungeon Overview and Level Annotations

Branches:
Dungeon (5/15)             Temple (1/1) D:5

Altars:
Ashenzari
Cheibriados
Dithmenos
Elyvilon
Gozag
Hepliaklqana
Kikubaaqudgha
Nemelex Xobeh
Okawaru
Ru
Sif Muna
Trog
Vehumet
Wu Jian
Xom
Yredelemnul
Zin
The Shining One

Shops:
D:4 *

Annotations:
D:5 gothhamster's ghost, novice GnMo


Innate Abilities, Weirdness & Mutations

You reflexively headbutt those who attack you in melee.
You have a pair of horns on your head.


Message History

The two-headed ogre hits you with a +0 giant spiked club.
You hit the two-headed ogre but do no damage.
The two-headed ogre is lightly wounded.
You barely miss the two-headed ogre. You headbutt the two-headed ogre!
The two-headed ogre is moderately wounded.
The two-headed ogre closely misses you.
The two-headed ogre hits you with a +0 giant spiked club!
You hit the two-headed ogre.
The two-headed ogre is moderately wounded.
The crimson imp blinks!
The two-headed ogre closely misses you. The two-headed ogre misses you.
You completely miss the two-headed ogre.
The two-headed ogre is moderately wounded.
You sock the two-headed ogre!
The two-headed ogre is heavily wounded.
The two-headed ogre completely misses you.
The two-headed ogre hits you with a +0 giant spiked club!!
* * * LOW HITPOINT WARNING * * *
The two-headed ogre hits you with a +0 giant spiked club!!
You die...

###..#.#
#..#.#.###.#
##......#
.##.#.# #.#
........# .#
...# #.#
.....##...#.#
#..# #.#
.....###.##
##..###'######
.....# ##
...##.....<.#
.....#
..##.......#
.....##
#.##.......#
.........
#@##.......#
####.####
#>O5.......#
...
#.##5......#
....
#.##.......#
.....
#.##.......#
###
#.##ยง5.....#
..##.......#
.###.......# .
#.......#


You could see a two-headed ogre and 2 crimson imps.

Vanquished Creatures
  An ogre (D:4)
  A howler monkey (D:4)
  A crimson imp (D:5)
  4 quasits (D:5)
  An orc wizard (D:3)
  A centaur skeleton (D:4)
  An iguana (D:3)
  2 worker ants (D:4)
  A hound skeleton (D:4)
  4 gnolls (D:4)
  9 adders
  2 oozes
  3 worms
  4 dart slugs
  5 leopard geckos
  16 orcs
  12 bats
  2 giant cockroaches
  9 goblins
  7 hobgoblins
  2 jackals (D:4)
  5 kobolds
  2 quokkas
  A ball python (D:4)
  A ball python skeleton (D:4)
  5 frilled lizards
  A leopard gecko skeleton (D:5)
  6 rats
109 creatures vanquished.

Notes
Turn   | Place    | Note
-------+----------+-------------------------------------------
     0 | Abyss:1  | Lysie the Minotaur Abyssal Knight began the quest for the
                  | Orb.
     0 | Abyss:1  | Reached XP level 1. HP: 19/19 MP: 1/1
    21 | D:1      | Escaped the Abyss
   146 | D:1      | Reached skill level 3 in Maces & Flails
   174 | D:1      | Reached XP level 2. HP: 25/27 MP: 2/2
   375 | D:1      | Reached skill level 4 in Maces & Flails
   384 | D:1      | Reached ** piety under Lugonu
   682 | D:1      | Reached XP level 3. HP: 12/33 MP: 3/3
  1327 | D:2      | Noticed a bullfrog
  1341 | D:2      | Reached skill level 5 in Maces & Flails
  1561 | D:2      | Reached XP level 4. HP: 40/40 MP: 4/4
  2232 | D:3      | Reached skill level 6 in Maces & Flails
  2311 | D:3      | HP: 2/40 [orc wizard/+0 dagger (1)]
  2642 | D:3      | Reached XP level 5. HP: 46/46 MP: 5/5
  2726 | D:3      | Reached *** piety under Lugonu
  3130 | D:4      | Reached skill level 7 in Maces & Flails
  3447 | D:4      | Reached XP level 6. HP: 19/52 MP: 6/6
  3848 | D:4      | Reached skill level 8 in Maces & Flails
  3971 | D:4      | Reached skill level 9 in Maces & Flails
  4064 | D:4      | Found Zajiew's Assorted Antiques.
  4071 | D:4      | Bought a sedimented sapphire potion for 24 gold pieces
  4071 | D:4      | Bought a fluorescent wand for 108 gold pieces
  4330 | D:5      | Entered Level 5 of the Dungeon
  4338 | D:5      | Noticed gothhamster's ghost (novice GnMo)
  4345 | D:5      | Found a transporter.
  4359 | D:5      | Noticed an ice beast
  4408 | D:5      | Found a shimmering altar of Xom.
  4440 | D:5      | Found a staircase to the Ecumenical Temple.
  4447 | Temple   | Entered the Ecumenical Temple
  4959 | D:5      | Found a transporter.
  4987 | D:5      | Reached XP level 7. HP: 58/58 MP: 7/7
  5483 | D:5      | Noticed a two-headed ogre
  5518 | D:5      | Mangled by a two-headed ogre

Skill      XL: |  1  2  3  4  5  6 |
---------------+-------------------+-----
Maces & Flails | 3 4 5 6 7 9 |  9.9
Fighting       | |  3.7
Armour         | |  2.4
Dodging        | |  1.1
Invocations    | |  1.7

Action                   |  1- 3 |  4- 6 |  7- 9 || total
-------------------------+-------+-------+-------++-------
Melee: Mace              |    78 |   198 |    23 ||   299
       Headbutt          |     9 |    26 |     3 ||    38
Throw: Throwing net      |       |     2 |       ||     2
Invok: Bend Space        |       |     3 |       ||     3
Evoke: Wand              |       |       |     4 ||     4
  Use: Potion            |       |     3 |     2 ||     5
       Scroll            |       |     8 |     1 ||     9
 Stab: Held in net/web   |       |     1 |       ||     1
  Eat: Chunk             |     1 |     3 |       ||     4
       Ration            |       |     3 |       ||     3
Armor: Leather armour    |    25 |    56 |    11 ||    92
Dodge: Dodged            |    50 |   146 |    57 ||   253
